Cogmind - Beta 14 @@@ ROGUE MODE // 2025.03.10 @ 17:04:08 Player: canerib Result: Destroyed by Y-54 Guardian with Flak Gun Performance ------------- Evolutions (0) 0 Regions Visited (4) 800 Robots Destroyed (15) 75 Value Destroyed (361) 361 Prototype IDs (0) 0 Alien Tech Used (0) 0 Bonus (0) 0 TOTAL SCORE: 1236 Bonus ------- None Cogmind --------- Core Integrity 0/250 Matter 124/300 Energy 123/125 System Corruption 0% Temperature Cool (36) Movement Rolling (100) Location -7/Recycling Parts ------- > --- POWER (1) -------- Light Ion Engine > --- PROPULSION (2) --- Compact Wheel Compact Wheel > --- UTILITY (2) ------ Small Storage Unit > --- WEAPON (2) ------- Light Assault Rifle Subdweller Machine Gun > --- INVENTORY (8) ---- Ion Engine Small Matter Pod (50) Seismic Detector Grenade Launcher Rocket Launcher Mining Laser Peak State ------------ > --- POWER ------------ Ion Engine > --- PROPULSION ------- Aluminum Leg Aluminum Leg > --- UTILITY ---------- Small Storage Unit Makeshift Thermal Plating > --- WEAPON ----------- Medium Laser Subdweller Machine Gun > --- INVENTORY -------- Ion Engine Light Ion Engine Small Matter Pod Seismic Detector Light Assault Rifle Grenade Launcher Rocket Launcher Mining Laser [Rating: 11] Favorites ----------- Power Ion Engine Engine Ion Engine Propulsion Aluminum Leg Leg Aluminum Leg Wheel Compact Wheel Utility Small Storage Unit Device Terrain Scanner Storage Small Storage Unit Protection Makeshift Thermal Plating Weapon Small Laser Energy Gun Small Laser Ballistic Gun Subdweller Machine Gun Launcher Rocket Launcher Special Weapon Mining Laser Build | -11 -10 -10 -10 -7 ------- Run | Yrd Mat Min Sub Rec Slots Evolved . | . . . . . Power . | . . . . . Propulsion . | . . . . . Utility . | . . . . . Weapon . | . . . . . Parts Attached 20 | 8 . 1 7 4 Power 2 | 1 . . 1 . Engine 2 | 1 . . 1 . Core . | . . . . . Reactor . | . . . . . Propulsion 4 | 2 . . . 2 Treads . | . . . . . Leg 2 | 2 . . . . Wheel 2 | . . . . 2 Hover . | . . . . . Flight . | . . . . . Utility 4 | 2 . 1 1 . Device 2 | 1 . 1 . . Storage 1 | 1 . . . . Processor . | . . . . . Hackware . | . . . . . Protection 1 | . . . 1 . Artifact . | . . . . . Weapon 10 | 3 . . 5 2 Energy Gun 4 | 3 . . 1 . Energy Cannon . | . . . . . Ballistic Gun 3 | . . . 1 2 Ballistic Cannon . | . . . . . Launcher 2 | . . . 2 . Special Weapon 1 | . . . 1 . Impact Weapon . | . . . . . Slashing Weapon . | . . . . . Piercing Weapon . | . . . . . Special Melee Weapon . | . . . . . Unidentified Prototypes . | . . . . . Parts Lost 5 | . . . 5 . Power . | . . . . . Propulsion 2 | . . . 2 . Utility 2 | . . . 2 . Weapon 1 | . . . 1 . Highest Loss Streak 4 | . . . 4 . To Critical Strikes . | . . . . . Average Slot Usage (%) 93 | . 100 100 91 65 Engine 14 | . 14 14 14 14 Leg 24 | . 28 28 23 . Device 11 | . 14 14 9 . Storage 14 | . 14 14 14 14 Energy Gun 20 | . 28 28 16 . Ballistic Gun 3 | . . . 3 28 Launcher 2 | . . . 4 . Special Weapon 1 | . . . 3 . Peak Build Rating 11 | 7 7 7 11 7 Average Rating 6 | 5 7 6 7 5 On Entrance 5 | . 7 7 7 5 Naked Turns . | . . . . . Heaviest Build 20 | 14 14 14 20 13 Greatest Support 32 | 20 20 20 20 32 Greatest Overweight (x) 5 | 1 . . 5 4 Average Overweight (x) . | . . . . 2 Largest Inventory Capacity 8 | 8 8 8 8 8 Average Capacity 7 | 5 8 8 8 8 Most Carried 8 | 3 7 8 8 6 Average Carried 6 | 1 4 7 7 6 Final Capacity 8 | 8 8 8 8 8 Final Carried 8 | 3 7 8 6 6 Class Distribution -------------------- 100% | Mutant Dominant Class ---------------- Mutant | -10/Materials Mutant | -10/Mines Mutant | -10/Subcaves Mutant | -7/Recycling Resources | -11 -10 -10 -10 -7 ----------- Run | Yrd Mat Min Sub Rec Matter Collected 483 | 280 . 60 46 97 Remotely 186 | 136 . 50 . . Salvage Created 382 | 113 . . 172 97 Parts 21 | 9 . . 9 3 Haulers Intercepted . | . . . . . Recyclers Shooed . | . . . . . Parts Field Recycled . | . . . . . Retrieved Matter . | . . . . . Parts Self-Destructed 3 | . . . 3 . Prevented . | . . . . . Kills | -11 -10 -10 -10 -7 ------- Run | Yrd Mat Min Sub Rec Combat Hostiles Destroyed 9 | . . . 9 . Guns 3 | . . . 3 . AOE 6 | . . . 6 . Classes Destroyed 6 | 2 . . 4 . Tunneler 2 | 2 . . . . Recycler 2 | 1 . . . 1 Turret 2 | . . . 2 . Swarmer 3 | . . . 3 . Sentry 1 | . . . 1 . Subdweller 5 | . . . 5 . Best Kill Streak 8 | 2 . . 8 1 Combat Bots Only 6 | . . . 6 . Max Kills in Single Turn 2 | 1 . . 2 1 Gunslinging . | . . . . . Exploded 2 | . . . 2 . Melee . | . . . . . Uniques/NPCs Destroyed . | . . . . . Combat | -11 -10 -10 -10 -7 -------- Run | Yrd Mat Min Sub Rec Hostile Shots Fired 134 | . . 5 84 45 Missed 47 | . . 2 30 15 Damage Taken 1030 | . . 48 758 224 Core 250 | . . 15 156 79 Absorbed by Shields . | . . . . . Ignored by Resistances 29 | . . . 29 . Core Remaining (%) 100 | 100 . . . . Volleys Fired 44 | 4 3 . 30 7 Largest 2 | 2 2 . 2 2 Hottest 100 | 90 90 . 100 50 Shots Fired 75 | 8 5 . 48 14 Gun 51 | 8 5 . 24 14 Cannon . | . . . . . Launcher 19 | . . . 19 . Special 5 | . . . 5 . Kinetic 16 | . . . 2 14 Thermal 38 | 6 5 . 27 . Explosive 19 | . . . 19 . Electromagnetic 2 | 2 . . . . Robot Hit Streak 11 | 2 1 . 11 11 Robot Miss Streak 5 | 2 3 . 5 1 Penetration Max . | . . . . . Secondary Targets . | . . . . . Shots Hit Robots 48 | 3 1 . 31 13 Core Hits 31 | 3 1 . 21 6 Critical Kills . | . . . . . Critical Parts Destroyed 1 | . . . . 1 Critical Strikes 1 | . . . . 1 Destroy 1 | . . . . 1 Melee Attacks . | . . . . . Impact . | . . . . . Slashing . | . . . . . Piercing . | . . . . . Sneak Attacks . | . . . . . Combat Hostiles . | . . . . . Follow-up Attacks . | . . . . . Damage Inflicted 1500 | 37 11 . 1252 200 Guns 484 | 37 11 . 236 200 Cannons . | . . . . . Explosions 1016 | . . . 1016 . Melee . | . . . . . Ramming . | . . . . . Kinetic 225 | . . . 25 200 Thermal 244 | 22 11 . 211 . Explosive 1016 | . . . 1016 . Electromagnetic 15 | 15 . . . . Impact . | . . . . . Slashing . | . . . . . Piercing . | . . . . . Highest Corruption . | . . . . . Average Corruption . | . . . . . Corruption Purged . | . . . . . Corruption Blocked . | . . . . . Overload Shots . | . . . . . Overflow Damage 55 | . . . 55 . Projectiles . | . . . . . Explosions 55 | . . . 55 . Melee . | . . . . . Knockbacks . | . . . . . Impact . | . . . . . Kinetic . | . . . . . Secondary . | . . . . . Self-Inflicted Damage 101 | . . . 101 . Shots 3 | . . . 3 . Rammed . | . . . . . Targets Rammed . | . . . . . Kicked . | . . . . . Crushed . | . . . . . Highest Temperature 70 | 36 70 . . 50 Average Temperature 27 | 19 40 . . 26 Received Heat Transfer 348 | . . 27 255 66 Siege Activations . | . . . . . Robots Corrupted . | . . . . . Combat Hostiles . | . . . . . Parts Fried . | . . . . . Impact Corruptions . | . . . . . Robots Melted . | . . . . . Combat Hostiles . | . . . . . Parts Melted . | . . . . . Heat Transferred 645 | 62 25 . 558 . Parts Sabotaged . | . . . . . Parts Stolen . | . . . . . Parts Stripped . | . . . . . Power Chain Reactions . | . . . . . Alert | -11 -10 -10 -10 -7 ------- Run | Yrd Mat Min Sub Rec Peak Influence 26 | 15 26 19 . 24 Initial 19 | . 9 9 . 19 Average 16 | 4 20 16 . 21 Maximum Alert Level . | . . . . . Low Security (%) 100 | 100 100 100 . 100 Level 1 . | . . . . . Level 2 . | . . . . . Level 3 . | . . . . . Level 4 . | . . . . . Level 5 . | . . . . . High Security . | . . . . . Max Security . | . . . . . Squads Dispatched 1 | . 1 . . . Investigation 1 | . 1 . . . Extermination . | . . . . . Reinforcement . | . . . . . Assault . | . . . . . Garrison . | . . . . . Intercept . | . . . . . Searches Triggered . | . . . . . Construction Impeded . | . . . . . Haulers Reinforced . | . . . . . Active Scanning Responses . | . . . . . Cargo Convoy Interrupts . | . . . . . Stealth | -11 -10 -10 -10 -7 --------- Run | Yrd Mat Min Sub Rec Distress Signals . | . . . . . Communications Jammed . | . . . . . Distress Signals . | . . . . . Times Spotted 17 | . 2 2 12 1 Peak Tracking Total 6 | . 1 2 6 1 Tactical Retreats . | . . . . . Traps | -11 -10 -10 -10 -7 ------- Run | Yrd Mat Min Sub Rec Traps Triggered . | . . . . . Indirectly . | . . . . . Trap Hack Attempts . | . . . . . Triggered . | . . . . . Disarmed . | . . . . . Reprogrammed . | . . . . . Reused . | . . . . . Traps Extracted . | . . . . . Installed . | . . . . . Triggered 1 | . . 1 . . Machines | -11 -10 -10 -10 -7 ---------- Run | Yrd Mat Min Sub Rec Machines Disabled 3 | . . . 3 . Max in Single Turn 2 | . . . 2 . Machines Repaired . | . . . . . Machines Dismantled . | . . . . . Machines Sabotaged . | . . . . . Overloaded Fab Kills . | . . . . . Hacking | -11 -10 -10 -10 -7 --------- Run | Yrd Mat Min Sub Rec Machines Accessed 2 | . 2 . . . Terminals 2 | . 2 . . . Fabricators . | . . . . . Repair Stations . | . . . . . Recycling Units . | . . . . . Scanalyzers . | . . . . . Garrison Access . | . . . . . Total Hacks 8 | . 8 . . . Successful 5 | . 5 . . . Failed 3 | . 3 . . . Catastrophic 1 | . 1 . . . Database Lockouts . | . . . . . Manual 5 | . 5 . . . Terminals 8 | . 8 . . . Fabricators . | . . . . . Repair Stations . | . . . . . Recycling Units . | . . . . . Scanalyzers . | . . . . . Garrison Access . | . . . . . Terminal Hacks 3 | . 3 . . . Branch Access Points 1 | . 1 . . . Alert Level 1 | . 1 . . . Zone Layout 1 | . 1 . . . Fabricator Hacks . | . . . . . Repair Station Hacks . | . . . . . Recycling Unit Hacks . | . . . . . Scanalyzer . | . . . . . Garrison Access Hacks . | . . . . . Unauthorized Hacks 2 | . 2 . . . Terminals 2 | . 2 . . . Botnet 2 | . 2 . . . Fabricators . | . . . . . Repair Stations . | . . . . . Recycling Units . | . . . . . Scanalyzers . | . . . . . Garrison Access . | . . . . . Data Cores Recovered . | . . . . . Used . | . . . . . Hacking Detections 2 | . 2 . . . Full Trace Events 1 | . 1 . . . Feedback Events . | . . . . . Feedback Blocked . | . . . . . Robot Schematics Acquired . | . . . . . Robots Built . | . . . . . Authchips . | . . . . . Time . | . . . . . Total Robot Build Rating . | . . . . . Part Schematics Acquired . | . . . . . Parts Built . | . . . . . Authchips . | . . . . . Time . | . . . . . Total Part Build Rating . | . . . . . Parts Repaired . | . . . . . Time . | . . . . . Parts Recycled . | . . . . . Recycled Matter . | . . . . . Retrieved Matter . | . . . . . Retrieved Components . | . . . . . Parts Scanalyzed . | . . . . . Part Schematics Acquired . | . . . . . Parts Damaged . | . . . . . Bothacking | -11 -10 -10 -10 -7 ------------ Run | Yrd Mat Min Sub Rec Used RIF Installer . | . . . . . Robots Hacked . | . . . . . Non-combat . | . . . . . Combat . | . . . . . Robot Hacks Applied . | . . . . . Relay Couplers Released . | . . . . . Fabnet Peak Effective % . | . . . . . Robots Rewired . | . . . . . Allies Hacked . | . . . . . Hacks Repelled . | . . . . . Allies | -11 -10 -10 -10 -7 -------- Run | Yrd Mat Min Sub Rec Total Allies 2 | . . 2 . . Largest Group 2 | . . 2 2 . Highest-Rated Group 46 | . . 46 46 . Highest-Rated Ally 31 | . . 31 31 . Total Orders . | . . . . . Ally Attacks 4 | . . . 4 . Total Damage 63 | . . . 63 . Kills . | . . . . . Allies Corrupted . | . . . . . Allies Melted . | . . . . . Intel | -11 -10 -10 -10 -7 ------- Run | Yrd Mat Min Sub Rec Robot Analysis Total . | . . . . . Derelict Logs Recovered 1 | . . 1 . . Drone Launches . | . . . . . Drone Recoveries . | . . . . . Exploration | -11 -10 -10 -10 -7 ------------- Run | Yrd Mat Min Sub Rec Turns Passed 1127 | 85 162 348 454 78 Spaces Moved 677 | 49 119 211 270 28 Core 42 | 6 . . 19 17 Treads . | . . . . . Legs 624 | 43 119 211 251 . Wheels 11 | . . . . 11 Hover . | . . . . . Flight . | . . . . . Fastest Speed 50 | 50 120 120 120 100 Average Speed 126 | 115 120 120 130 191 Slowest Speed 300 | 120 120 120 300 250 Overloaded Moves . | . . . . . Propulsion Burnouts . | . . . . . Robots Hopped . | . . . . . Cave-ins Triggered . | . . . . . Exploration Rate (%) 26 | 4 35 66 16 11 Regions Visited 4 Branch Regions 3 Pre-discovered Areas 1 | . . . 1 . Known Exits Taken 1 | . 1 . . . Unknown Exits Taken 3 | 1 . 1 1 . Scrap Searched 4 | . . 1 3 . Spaces Dug . | . . . . . Terrain Destroyed 91 | . . . 91 . Melee . | . . . . . Projectile . | . . . . . AOE 91 | . . . 91 . Terrain Rammed . | . . . . . Walls Destroyed . | . . . . . Machines Disabled . | . . . . . Actions | -11 -10 -10 -10 -7 --------- Run | Yrd Mat Min Sub Rec Total 858 | 66 133 306 313 40 Wait 107 | . 8 93 5 1 Move 673 | 48 118 210 269 28 Hop . | . . . . . Pick Up 10 | 5 4 1 . . Fast Attach 11 | 6 . 1 2 2 Attach 2 | 1 . . 1 . Detach . | . . . . . Swap 7 | 1 . . 4 2 Drop 4 | 1 . 1 2 . Fire 44 | 4 3 . 30 7 Melee . | . . . . . Ram . | . . . . . Kick . | . . . . . Crush . | . . . . . Escape Stasis . | . . . . . Rewire . | . . . . . Trap . | . . . . . Miscellaneous . | . . . . . Route ------- -11/Scrapyard -10/Materials -10/Mines (discovered 2 exits: [*Mat] / [*Sub]) -10/Subcaves -7/Recycling History --------- Turn | Location | Event 19 | -11/Scrapyard | Discovered new exit (range 12) 86 | -11/Scrapyard | Entered Materials 177 | -10/Materials | Identified exit to Mines 248 | -10/Materials | Entered Mines 255 | -10/Mines | Received a Rocket Launcher from a helpful Derelict 297 | -10/Mines | Found a hidden stash of uninstalled traps 315 | -10/Mines | Build established: Mutant 427 | -10/Mines | Discovered new exit (range 4) 438 | -10/Mines | Learned Materials garrison access intel 523 | -10/Mines | Discovered new exit (range 3) 596 | -10/Mines | Entered Subcaves 596 | -10/Subcaves | Accompanied by 2 allies 601 | -10/Subcaves | Led the pair of lost Derelicts to an unsafe place 612 | -10/Subcaves | Shifting Twisted Machinery released Riot Gun 723 | -10/Subcaves | A swath of the cavern ceiling suddenly collapsed 769 | -10/Subcaves | A swath of the cavern ceiling suddenly collapsed 773 | -10/Subcaves | Learned location of Zion (-7) 773 | -10/Subcaves | Met a Zionite searching for "candidates" 835 | -10/Subcaves | Disturbed a concealed Subdweller 976 | -10/Subcaves | Ambushed by Subdweller buried in earth 993 | -10/Subcaves | Core integrity fell below 50% 996 | -10/Subcaves | Discovered new exit (range 14) 1017 | -10/Subcaves | Lost 4 parts (2n1u1w) 1050 | -10/Subcaves | Entered Recycling 1123 | -7/Recycling | Core integrity fell below 20% 1128 | -7/Recycling | Destroyed by Y-54 Guardian with Flak Gun Last Messages --------------- Plating. 01009_ Autobeam Turret destroyed. 01013_ The unstable cave ceiling collapses. 01019_ Subatomizers dissect the Mak. Light Armor Plating. 01019_ Dropped Ion Engine. 01022_ The unstable cave ceiling collapses. 01025_ Acquired 14 matter. 01031_ Subatomizers dissect the Mak. Light Armor Plating. 01031_ The unstable cave ceiling collapses. LOCATION=UNKNOWN GOAL=ESCAPE 01092_ R-06 Scavenger destroyed. 01095_ Acquired 97 matter. 01100_ Acquired Com. Wheel. 01112_ Y-54 Guardian springs to life. 01119_ Y-54 Guardian suffers critical hit (Destroy). 01119_ Destroyed Lgt. Treads. Map ----- +----------------------------------------------------+ | | | | | ?????????????????????????????????????????????????? | | ?????????????????????????????????????????????????? | | ?????????????????????????????????????????????????? | | ?????????????????????????????????????????????????? | | ?????????????????????????????????????????????????? | | ?????????????????????????????????????????????????? | | ?????????????????????????????????????????????????? | | ?????????????????????????????????????????????????? | | ?????????????????????????????????????????????????? | | ?????????????????????????????????????????????????? | | ?????????????????????????????????????????????????? | | ????????????????????????????????????##???????????? | | ???????????????????????????######### ###?????????? | | ???????????????????????????# #?????????? | | ???????????????????????????# #?????????? | | ???????????????????????????# #?????????? | | ???????????????????????????# #?????????? | | ??????????????????????????## #?????????? | | ??????????????????????????# #?????????? | | ?????????????####??#??????## #?????????? | | ?????????????# # ############+######?????????? | | ?????????????# #?????????? | | ?????????????+ Y * #?????????? | | ?????????????# @ #?????????? | | ?????????????# ####+#########+######?????????? | | ?????????????????????????????# #??????????? | | ?????????????????????????????# #??????????? | | ?????????????????????????????# #??????????? | | ?????????????????????????????# #??????????? | | ?????????????????????????????# #??????????? | | ?????????????????????????????# #??????????? | | ?????????????????????????????# #??????????? | | ?????????????????????????????# #??????????? | | ?????????????????????????????# #??????????? | | ?????????????????????????????### ######??????????? | | ???????????????????????????????##????????????????? | | ?????????????????????????????????????????????????? | | ?????????????????????????????????????????????????? | | ?????????????????????????????????????????????????? | | ?????????????????????????????????????????????????? | | ?????????????????????????????????????????????????? | | ?????????????????????????????????????????????????? | | ?????????????????????????????????????????????????? | | ?????????????????????????????????????????????????? | | ?????????????????????????????????????????????????? | | ?????????????????????????????????????????????????? | | ?????????????????????????????????????????????????? | | ?????????????????????????????????????????????????? | +----------------------------------------------------+ Best States ------------- Heat Dissipation 25 Energy Generation 10 Energy Capacity 250 Matter Stores 300 Matter Capacity 300 Sight Range 16 Terrain Scan Range 14 Terrain Scan Density 10 Armor Coverage 100 Resistance: TH 10 Evasion (%) 55 Item Schematics ----------------- None Robot Schematics ------------------ None Fabricated ------------ Nothing Alien Tech Used ----------------- None Achievements -------------- None Challenges ------------ None Game ------ Seed ChipHugeMachine Manual? 0 Play Time 00:11:45 Cumulative 55.5 hours Start 2025.03.10 @ 16:52:59 End 2025.03.10 @ 17:04:08 Sessions 1 Manual Loads 0 Difficulty Rogue Special Mode None Game No. 78 Rogue 78 Adventurer 0 Explorer 0 Win Type - Total 1 Types 1/0/0/0/0/0/0/0/0 Lore% 24 Gallery% 40 Achievement% 36 Wizard Run 0 Options --------- Layout 1 ASCII 1 Keyboard 0 Movement Numpad Keybinds 0 Fullscreen 1 Font 24/Smallcaps Map View 50x35 Zoom Use 0% Tactical HUD 1 Map Filters NONE Filters NONE Steam 1 RUN: 8c3042ed-acd1-4d8d-a3dd-5ed9b6f014a0